 Dungeon Crawl Stone Soup version 0.30-a0-881-g1ff12e1e11 (webtiles) character file.

Game seed: 8618909338905988626

737 bande the Chopper (level 7, -4/44 HPs)
             Began as a Gargoyle Fighter on Mar 14, 2023.
             Killed by divine providence
             ... invoked by an orc priest
              (11 damage)
             ... on level 5 of the Dungeon.
             The game lasted 00:05:47 (4103 turns).

bande the Chopper (Gargoyle Fighter)                Turns: 4103, Time: 00:05:48

Health: -4/44      AC: 20    Str: 19    XL:     7   Next: 74%
Magic:  7/7        EV:  5    Int:  9    God:
Gold:   195        SH:  5    Dex: 11    Spells: 6/6 levels left

rFire   . . .      SeeInvis .    a - +0 war axe
rCold   . . .      Faith    .    c - +0 buckler
rNeg    + . .      Spirit   .    l - +0 plate armour
rPois   ∞          Reflect  .    f - +0 helmet
rElec   +          Rampage  .    (no cloak)
rCorr   .                        m - +0 pair of gloves
Will    .....                    e - +0 pair of boots Stlth
                                 (no amulet)
HPRegen 0.27/turn                (no ring)
MPRegen 0.10/turn                (no ring)

@: no status effects
A: sickness immunity, AC +4, negative energy resistance 1, electricity
resistance, torment resistance 1, petrification resistance
a: no special abilities


You were on level 5 of the Dungeon.
You visited 1 branch of the dungeon, and saw 5 of its levels.

You collected 208 gold pieces.
You spent 13 gold pieces at shops.

Inventory:

Hand Weapons
 a - a +0 war axe (weapon)
 n - a +0 flail
Missiles
 o - a throwing net (quivered)
Armour
 c - a +0 buckler (worn)
 e - a +0 pair of boots (worn)
 f - a +0 helmet (worn)
 l - a +0 plate armour (worn)
 m - a +0 pair of gloves (worn)
Jewellery
 b - a ring of ice
 i - an amulet of reflection
 j - a +6 ring of intelligence
 p - a +5 ring of evasion
Scrolls
 d - a scroll of brand weapon {unknown}
 g - a scroll of magic mapping {unknown}
 h - 2 scrolls of fear
Potions
 k - a potion of invisibility
 q - a potion of heal wounds {unknown}


   Skills:
 + Level 4.8 Fighting
 + Level 5.7 Axes
 + Level 5.0 Armour
 + Level 4.7 Shields


You had 6 spell levels left.
You didn't know any spells.
Your spell library was empty.

Dungeon Overview and Level Annotations

Branches:
Dungeon (5/15)
 Temple: D:4-7

Altars:
Cheibriados
Makhleb

Shops:
D:1 (!?   D:4 [


Innate Abilities, Weirdness & Mutations

You are immune to sickness and miasma.
Your stone body is resilient. (AC +4)
You are immune to poison.
You resist negative energy. (rN+)
You are resistant to electric shocks. (rElec)
You are resistant to unholy torment.
You are immune to petrification.


Message History

The orc priest's wounds heal themselves!
The orc priest hits you but does no damage.
The scorpion stings you but does no damage.
You barely miss the orc priest.
The orc priest is moderately wounded.
You hit the orc priest. You hit the orc but do no damage.
You closely miss the scorpion. The orc hits you but does no damage.
The orc priest calls upon Beogh to heal the orc priest.
The orc priest's wounds heal themselves!
The orc priest miscasts a cantrip.
The scorpion stings you but does no damage.
You block the orc priest's attack.
The orc priest hits you but does no damage.
The orc hits you but does no damage. The scorpion barely misses you.
You slash the orc priest!
You kill the orc priest!
You barely miss the orc priest. You hit the orc. You closely miss the scorpion.
The scorpion stings you. The orc hits you but does no damage.
The orc priest mumbles some strange prayers to Beogh against you.
Beogh smites you!
* * * LOW HITPOINT WARNING * * *
The scorpion stings you but does no damage.
The orc priest barely misses you.
You see here a +0 hand axe.
You block the scorpion's attack.
You hit the scorpion but do no damage. You hit the orc.
You kill the orc!
The orc priest looks braver for a moment.
The scorpion stings you but does no damage.
You closely miss the scorpion.
The scorpion stings you but does no damage.
The orc priest looks encouraged for a moment.
The scorpion stings you but does no damage.
You hit the scorpion.
The scorpion is lightly wounded.
You barely miss the orc priest. The scorpion stings you.
* * * LOW HITPOINT WARNING * * *
The orc priest invokes the aid of Beogh against you.
Beogh smites you!
You die...

.......#.#......... #.
.....#.#.#.†....... #
#.##..#.#.#...#####.##
..#.....#
#.#.#.......#
........#
..#.........#
........# ###.......#
........# #......###
........# #.....#####
#@######..........
##so....<..##.#####
#.##.†.##.#.#.........
#>....###.#.######.###
#####.# #(#......#.# #
#.# #.#...##.#.# # #.#
#........#.# #.#
#..........# #.#
##.#########


You could see a scorpion and an orc priest.

Vanquished Creatures
  Sigmund (D:3)
  Menkaure (D:4)
  An orc priest (D:5)
  A hound (D:5)
  4 iguanas
  2 orc wizards (D:4)
  Robin (D:2)
  3 gnolls (D:2)
  10 adders
  3 worms
  3 dart slugs
  5 orcs
  3 bats
  10 endoplasms
  3 giant cockroaches
  10 goblins
  8 hobgoblins
  3 jackals (D:2)
  4 quokkas
  8 ball pythons
  3 frilled lizards
  5 kobolds
  A rat (D:2)
93 creatures vanquished.

Notes
Turn   | Place    | Note
-------+----------+-------------------------------------------
     0 | D:1      | bande the Gargoyle Fighter began the quest for the Orb.
     0 | D:1      | Reached XP level 1. HP: 14/14 MP: 1/1
    22 | D:1      | Found Piaq's Weapon Shoppe.
   269 | D:1      | Reached XP level 2. HP: 19/19 MP: 2/2
   394 | D:1      | Found Pilyuder's Distillery.
   408 | D:1      | Bought a potion of degeneration for 13 gold pieces
   442 | D:1      | Found Kecihepo's Magic Scroll Emporium.
   856 | D:2      | Reached XP level 3. HP: 21/24 MP: 3/3
  1185 | D:2      | Reached XP level 4. HP: 29/29 MP: 4/4
  1206 | D:2      | Noticed Robin
  1215 | D:2      | Killed Robin
  1524 | D:2      | Reached XP level 5. HP: 33/33 MP: 5/5
  1860 | D:3      | Noticed Sigmund
  1875 | D:3      | Killed Sigmund
  1876 | D:3      | Reached XP level 6. HP: 5/38 MP: 6/6
  2118 | D:3      | Found a burning altar of Makhleb.
  2120 | D:3      | Found a snail-covered altar of Cheibriados.
  3143 | D:4      | Noticed Menkaure
  3160 | D:4      | Killed Menkaure
  3161 | D:4      | Reached skill level 5 in Axes
  3161 | D:4      | Reached XP level 7. HP: 7/44 MP: 7/7
  3733 | D:4      | Found Usaeb's Armour Emporium.
  3866 | D:5      | Entered Level 5 of the Dungeon
  4092 | D:5      | Reached skill level 5 in Armour
  4103 | D:5      | Killed from afar by an orc priest

Illustrated notes

Levels and vault maps discovered:
D:1:      minmay_arrival_open_corners, layout_basic, serial_shops,
          shop_fountains, shop, nicolae_diamond_shop
D:2:      layout_basic, hex_intersection, minmay_misc_feat_ornament, uniq_robin
D:3:      layout_basic, mainiacjoe_overflow_large_starburst, minmay_bisected,
          uniq_sigmund
D:4:      layout_basic, serial_shops, shop, uniq_menkaure
D:5:      layout_basic, nicolae_elyvilon_peaceful_grove, uniq_pikel

Skill      XL: |  1  2  3  4  5  6  7 |
---------------+----------------------+-----
Axes           | 2 3 4 5 |  5.7
Fighting       | 4 |  4.8
Armour         | 4 5 |  5.0
Shields        | 4 |  4.7

Action                     |  1- 3 |  4- 6 |  7- 9 || total
---------------------------+-------+-------+-------++-------
  Melee: War axe           |    88 |   194 |    73 ||   355
    Use: Scroll            |       |     5 |       ||     5
         Potion            |       |     4 |       ||     4
 Armour: Scale mail        |    44 |    79 |       ||   123
         Plate armour      |       |    90 |    62 ||   152
  Dodge: Dodged            |    42 |    87 |    25 ||   154
  Block: Buckler           |    17 |    53 |    22 ||    92

Table legend: (Time is in decaauts)
 A = Elapsed time spent in this place.
 B = Non-inter-level travel time spent in this place.
 C = Inter-level travel time spent in this place.
 D = Time resting spent in this place.
 E = Time spent auto-exploring this place.
 F = Levels seen in this place.
 G = Mean time per level.
                   A        B        C        D        E       F      G
               +--------+--------+--------+--------+--------+-----+--------+
         Total |   4224 |   4100 |    124 |    612 |   2611 |   5 |  844.8 |
       Dungeon |   4224 |   4100 |    124 |    612 |   2611 |   5 |  844.8 |
               +--------+--------+--------+--------+--------+-----+--------+

Top non-repeatable levels by time:
     D:4: 1182 daAuts
     D:3: 1084 daAuts
     D:2: 867 daAuts
     D:1: 845 daAuts
     D:5: 244 daAuts
